 Dungeon Crawl Stone Soup version 0.19.4-10-g532645f (webtiles) character file.

1481 nikopol the Skirmisher (level 8, -8/109 HPs)
             Began as a Minotaur Berserker on Feb 25, 2017.
             Was an Elder of Trog.
             Mangled by an orc warrior
             ... wielding a +0 dire flail
              (22 damage)
             ... on level 6 of the Dungeon.
             The game lasted 00:08:40 (4730 turns).

nikopol the Skirmisher (Minotaur Berserker)         Turns: 4730, Time: 00:08:41

Health: -8/109     AC: 11    Str: 27    XL:     8   Next: 50%
Magic:  7/7        EV: 14    Int:  4    God:    Trog [****..]
Gold:   305        SH:  0    Dex: 12    Spells: 0 memorised, 7 levels left

rFire  . . .     SeeInvis .     a - +0 hand axe
rCold  . . .     Gourm    .     j - +0 ring mail
rNeg   . . .     Faith    .     (no shield)
rPois  .         Spirit   .     y - +2 hat
rElec  .         Reflect  .     t - +0 cloak
rCorr  .         Harm     .     q - +0 pair of gloves (curse)
MR     .....                    (no boots)
Stlth  ..........               (no amulet)
                                (no ring)
                                (no ring)

@: berserking, starving, very quick
A: retaliatory headbutt, horns 2
a: Berserk, Trog's Hand, Brothers in Arms, Burn Spellbooks, Renounce Religion


You were on level 6 of the Dungeon.
You worshipped Trog.
Trog was greatly pleased with you.
You were starving.

You visited 1 branch of the dungeon, and saw 6 of its levels.

You collected 305 gold pieces.

Inventory:

Hand Weapons
 a - a +0 hand axe (weapon)
Missiles
 g - 96 arrows (quivered)
Armour
 b - a +0 animal skin
 h - a +2 ring mail of cold resistance
 i - a +0 pair of gloves
 j - a +0 ring mail (worn)
 q - a cursed +0 pair of gloves (worn)
 t - a +0 cloak (worn)
 y - a +2 hat (worn)
Jewellery
 D - a cursed amulet of inaccuracy {unknown}
Wands
 w - a wand of polymorph (7/24)
 E - a wand of acid (4/15)
Scrolls
 f - 3 scrolls of random uselessness {unknown}
 m - 2 scrolls of immolation {unknown}
 n - 2 scrolls of teleportation {unknown}
 o - 3 scrolls of remove curse {unknown}
 x - a scroll of magic mapping {unknown}
 B - 2 scrolls of identify {unknown}
Potions
 e - 4 potions of curing {unknown}
 k - 2 potions of haste {unknown}
 l - 3 potions of ambrosia {unknown}
 p - a potion of lignification {unknown}
 s - 3 potions of might
 u - 2 potions of resistance {unknown}
 v - a potion of heal wounds {unknown}
 z - 3 potions of brilliance {unknown}
 A - 3 potions of agility {unknown}
 C - a potion of invisibility {unknown}
Comestibles
 c - 4 bread rations
 d - a royal jelly
 r - a meat ration


   Skills:
 + Level 7.3 Fighting
 + Level 7.3 Axes
 + Level 6.5 Armour
 + Level 6.3 Dodging


You had 7 spell levels left.
You didn't know any spells.

Dungeon Overview and Level Annotations

Branches:
Dungeon (6/15)             Temple (0/1) D:6

Altars:
Nemelex Xobeh
Trog
Vehumet
Zin
The Shining One


Innate Abilities, Weirdness & Mutations

You reflexively headbutt those who attack you in melee.
You have a pair of horns on your head.


Message History

Beogh smites you!
* * * LOW HITPOINT WARNING * * *
You are too injured to fight recklessly!
You are too injured to fight recklessly!
You are too injured to fight recklessly!
You are too injured to fight recklessly!
You are too injured to fight recklessly!
You are too injured to fight recklessly!
You are too injured to fight recklessly!
You are too injured to fight recklessly!
You are too injured to fight recklessly!
A red film seems to cover your vision as you go berserk!
You feel yourself moving faster!
You feel mighty!
You are starving!
The orc warrior hits you with a dire flail!
* * * LOW HITPOINT WARNING * * *
You hit the orc warrior but do no damage.
The orc warrior is severely wounded.
The orc warrior hits you with a dire flail!!
You die... #.## #..# #..# .z# #?..# zo.

..... #o# .^. #o# .).
###@### #.# #<....#
#.#
..#.%...####.######.#
........?............#
#..#.....#####.#######
#..#....(# #.#
........### #.#
......### #.# ..##[
#.#


You could see an orc warrior, 2 wights and 2 orc priests.

Vanquished Creatures
  Sigmund (D:2)
  The ghost of dvd the Sneak, an amateur VSEn (D:4)
  Duvessa (D:4)
  An ice beast (D:5)
  An ogre (D:4)
  The ghost of Typee the Conjurer, an amateur OpCj (D:3)
  Blork the orc (D:4)
  Dowan (D:4)
  A crimson imp (D:4)
  2 centaur zombies (D:5)
  A jelly (D:5)
  Crazy Yiuf (D:2)
  3 orc priests
  2 orc wizards
  A bullfrog skeleton (D:5)
  Ijyb (D:2)
  An iguana (D:5)
  4 worker ants
  A hound skeleton (D:5)
  Robin (D:3)
  4 gnolls (D:2)
  3 adders
  2 shadow imps
  3 adder skeletons
  9 worms
  2 dart slugs
  A leopard gecko (D:1)
  7 orcs
  9 bats
  A giant cockroach (D:2)
  18 goblins
  7 hobgoblins
  8 jackals
  9 kobolds
  A frilled lizard (D:5)
  2 goblin skeletons (D:4)
  A goblin zombie (D:4)
  3 hobgoblin zombies (D:4)
  A jackal skeleton (D:4)
  A kobold zombie (D:4)
  An orc skeleton (D:4)
  An orc zombie (D:4)
  A quokka skeleton (D:4)
  A quokka zombie (D:5)
  8 rats
131 creatures vanquished.

Notes
Turn   | Place    | Note
-------+----------+-------------------------------------------
     0 | D:1      | nikopol the Minotaur Berserker began the quest for the Orb.
     0 | D:1      | Reached XP level 1. HP: 19/19 MP: 0/0
   321 | D:1      | Reached XP level 2. HP: 23/27 MP: 1/1
  1134 | D:2      | Reached XP level 3. HP: 32/33 MP: 2/2
  1142 | D:2      | Reached XP level 4. HP: 38/41 MP: 3/3
  1373 | D:2      | Reached ** piety under Trog
  1398 | D:2      | Noticed Ijyb
  1400 | D:2      | Noticed Sigmund
  1405 | D:2      | Killed Ijyb
  1412 | D:2      | Killed Sigmund
  1412 | D:2      | Reached skill level 5 in Fighting
  1412 | D:2      | Reached skill level 5 in Axes
  1412 | D:2      | Reached XP level 5. HP: 48/48 MP: 4/4
  1412 | D:2      | Reached XP level 6. HP: 56/56 MP: 5/5
  1718 | D:2      | Found a runed door.
  1722 | D:2      | Noticed Crazy Yiuf
  1727 | D:2      | Killed Crazy Yiuf
  1879 | D:3      | Noticed Robin
  2123 | D:3      | Noticed Typee's ghost (amateur OpCj)
  2137 | D:3      | Killed Typee's ghost
  2229 | D:3      | Reached *** piety under Trog
  2865 | D:3      | Killed Robin
  3006 | D:3      | Reached XP level 7. HP: 62/62 MP: 6/6
  3124 | D:4      | Noticed Blork the orc
  3132 | D:4      | Killed Blork the orc
  3233 | D:4      | Found a glowing golden altar of the Shining One.
  3327 | D:4      | Reached skill level 5 in Armour
  3327 | D:4      | Reached skill level 5 in Dodging
  3597 | D:4      | Noticed Duvessa
  3597 | D:4      | Noticed Dowan
  3604 | D:4      | Killed Duvessa
  3611 | D:4      | Killed Dowan
  3611 | D:4      | Reached **** piety under Trog
  3623 | D:4      | Noticed dvd's ghost (amateur VSEn)
  3630 | D:4      | Killed dvd's ghost
  3630 | D:4      | Reached XP level 8. HP: 71/71 MP: 7/7
  3703 | D:5      | Entered Level 5 of the Dungeon
  4432 | D:5      | Found a glowing silver altar of Zin.
  4432 | D:5      | Found a sparkling altar of Nemelex Xobeh.
  4433 | D:5      | Found a radiant altar of Vehumet.
  4499 | D:5      | Found a bloodstained altar of Trog.
  4683 | D:6      | Found a staircase to the Ecumenical Temple.
  4730 | D:6      | Mangled by an orc warrior

Skill      XL: |  1  2  3  4  5  6  7  8 |
---------------+-------------------------+-----
Fighting       | 4 5 6 7 |  7.3
Axes           | 4 5 6 7 |  7.3
Dodging        | 3 4 5 6 |  6.3
Armour         | 4 5 6 |  6.5

Action                   |  1- 3 |  4- 6 |  7- 9 || total
-------------------------+-------+-------+-------++-------
Melee: Hand axe          |    53 |   144 |   150 ||   347
       Headbutt          |    13 |    26 |    38 ||    77
       Unarmed           |       |     2 |       ||     2
Invok: Berserk           |       |     3 |     2 ||     5
       Burn Spellbooks   |       |       |     2 ||     2
  Eat: Chunk             |       |     8 |     5 ||    13
       Royal jelly       |       |     1 |       ||     1
Armor: Animal skin       |     3 |       |       ||     3
       Ring mail         |     2 |    44 |    50 ||    96
Dodge: Dodged            |    42 |    87 |    98 ||   227
